 Dungeon Crawl Stone Soup version 0.19.1-1-g22dce08 (webtiles) character file.

812 Oxelix the Arsonist (level 7, -3/50 HPs)
             Began as a Yellow Draconian Fire Elementalist on Jan 6, 2017.
             Slain by tschems's ghost (11 damage)
             ... on level 4 of the Dungeon.
             The game lasted 00:22:13 (3780 turns).

Oxelix the Arsonist (DrFE)                          Turns: 3780, Time: 00:22:14

Health: -3/50      AC:  8    Str: 10    XL:     7   Next: 61%
Magic:  2/10       EV: 12    Int: 18    God:
Gold:   191        SH:  0    Dex: 11    Spells: 3 memorised, 4 levels left

rFire  . . .     SeeInvis .     h - +2 hand axe (freeze)
rCold  . . .     Gourm    .     (armour unavailable)
rNeg   . . .     Faith    .     (no shield)
rPois  .         Spirit   .     (helmet restricted)
rElec  .         Reflect  .     q - +1 cloak
rCorr  +         Harm     .     (no gloves)
MR     .....                    (no boots)
Stlth  ++........               k - amulet of regeneration
                                (no ring)
                                (no ring)

@: no status effects
A: spit acid, acid resistance, unfitting armour, cold-blooded, AC +6
a: Spit Acid


You were on level 4 of the Dungeon.
You were hungry.

You visited 1 branch of the dungeon, and saw 4 of its levels.
You also visited: Sewer.

You collected 191 gold pieces.

Inventory:

Hand Weapons
 h - a +2 hand axe of freezing (weapon)
Armour
 q - a +1 cloak (worn)
Jewellery
 k - an amulet of regeneration (around neck)
Wands
 d - a wand of lightning (7/15)
 p - a wand of random effects (25/48)
Scrolls
 g - 5 scrolls of teleportation
 m - 2 scrolls of remove curse
 n - a scroll of fear
 o - a scroll of identify
Potions
 f - a potion of mutation {unknown}
 j - 4 potions of flight
Books
 a - a book of Flames

   Spells                             Type                      Level
   a - Flame Tongue                   Conjuration/Fire             1
   b - Throw Flame                    Conjuration/Fire             2
   c - Conjure Flame                  Conjuration/Fire             3
   d - Inner Flame                    Hexes/Fire                   3
   e - Sticky Flame                   Conjuration/Fire             4
   f - Fireball                       Conjuration/Fire             5
Comestibles
 b - 3 bread rations
 i - a meat ration
 l - 3 slices of pizza
 r - 3 chunks of flesh
 s - a beef jerky


   Skills:
 - Level 1.7 Dodging
 - Level 1.7 Stealth
 - Level 2.0 Spellcasting
 - Level 1.0 Conjurations
 * Level 9.1 Fire Magic


You had 4 spell levels left.
You knew the following spells:

 Your Spells              Type           Power        Failure   Level  Hunger
a - Flame Tongue          Conj/Fire      ###..        1%          1    #......
b - Throw Flame           Conj/Fire      ###...       3%          2    ###....
c - Conjure Flame         Conj/Fire      ###.....     10%         3    ###....


Dungeon Overview and Level Annotations

Branches:
Dungeon (4/15)
 Temple: D:4-7

Altars:
Kikubaaqudgha
Trog

Annotations:
D:4 tschems's ghost, amateur HuFi


Innate Abilities, Weirdness & Mutations

You can spit globs of acid.
You are resistant to acid.
Your golden yellow scales are hard. (AC +6)
You cannot fit into any form of body armour.
You are cold-blooded and may be slowed by cold attacks.


Message History

Tschems's ghost is heavily damaged.
Tschems's ghost hits you! Tschems's ghost hits you.
You completely miss tschems's ghost.
You tail-slap tschems's ghost, but do no damage.
Tschems's ghost is heavily damaged.
Tschems's ghost hits you.
You barely miss tschems's ghost.
Tschems's ghost is heavily damaged.
Tschems's ghost hits you but does no damage.
You feel better. Tschems's ghost closely misses you.
As you read the scroll of fear, it crumbles to dust.
You assume a fearsome visage.
Tschems's ghost is unaffected.
Tschems's ghost hits you!
* * * LOW HITPOINT WARNING * * *
You hit tschems's ghost but do no damage.
Tschems's ghost is heavily damaged.
Tschems's ghost hits you.
* * * LOW HITPOINT WARNING * * *
Tschems's ghost hits you!
You die...

#.....# +.....# #.....#
#.....# ####+###.....#
.............#
.............#..
.............'..
.......@W....#..
.............##.
.####+##......# #......#
#### #......#
...######## #......#
...#......# #......#
...+.....########......#
...#.....##....#.......#


You could see tschems's ghost.

Vanquished Creatures
  Grinder (D:3)
  Purgy (D:3)
  2 eyes of draining (D:3)
  A howler monkey (D:4)
  Jessica (D:3)
  Natasha (thrice) (D:2)
  A siren (Sewer)
  2 worker ants
  A merfolk avatar (Sewer)
  3 gnolls (D:3)
  5 adders
  3 river rats
  A dart slug (D:2)
  2 worms
  4 leopard geckos
  3 orcs (D:3)
  7 giant cockroaches
  5 goblins
  3 hobgoblins (D:1)
  6 kobolds
  2 quokkas (D:2)
  5 ball pythons
  5 bats
  8 frilled lizards
  22 rats
97 creatures vanquished.

Vanquished Creatures (collateral kills)
  A gnoll (D:3)
1 creature vanquished.

Grand Total: 98 creatures vanquished

Notes
Turn   | Place    | Note
-------+----------+-------------------------------------------
     0 | D:1      | Oxelix the Draconian Fire Elementalist began the quest for the Orb.
     0 | D:1      | Reached XP level 1. HP: 14/14 MP: 3/3
   591 | D:1      | Reached XP level 2. HP: 20/20 MP: 1/5
  1153 | D:2      | Reached skill level 4 in Fire Magic
  1215 | D:2      | Found an ancient bone altar of Kikubaaqudgha.
  1281 | D:2      | Reached XP level 3. HP: 16/26 MP: 3/6
  1330 | D:2      | Noticed Natasha
  1352 | D:2      | Killed Natasha
  1472 | D:2      | Noticed Natasha
  1561 | D:2      | Killed Natasha
  1561 | D:2      | Reached skill level 5 in Fire Magic
  1561 | D:2      | Reached XP level 4. HP: 29/33 MP: 3/7
  1897 | D:2      | Noticed Natasha
  1903 | D:2      | Killed Natasha
  2087 | D:3      | Noticed Jessica
  2106 | D:3      | Killed Jessica
  2106 | D:3      | Reached XP level 5. HP: 38/38 MP: 8/8
  2111 | D:3      | Reached skill level 6 in Fire Magic
  2114 | D:3      | Noticed Purgy
  2144 | D:3      | Killed Purgy
  2201 | D:3      | Reached XP level 6. HP: 45/45 MP: 5/9
  2317 | D:3      | Found a glowing drain.
  2321 | Sewer    | Entered a sewer
  2358 | Sewer    | Reached skill level 7 in Fire Magic
  2554 | Sewer    | Learned a level 2 spell: Throw Flame
  2569 | Sewer    | Learned a level 3 spell: Conjure Flame
  3015 | D:3      | Noticed Grinder
  3016 | D:3      | Found a bloodstained altar of Trog.
  3042 | D:3      | Reached skill level 8 in Fire Magic
  3042 | D:3      | Your scales start taking on a golden yellow colour.
  3042 | D:3      | Reached XP level 7. HP: 50/50 MP: 0/10
  3047 | D:3      | Paralysed by Grinder for 4 turns
  3057 | D:3      | Paralysed by Grinder for 2 turns
  3071 | D:3      | Killed Grinder
  3620 | D:4      | Reached skill level 9 in Fire Magic
  3761 | D:4      | Noticed tschems's ghost (amateur HuFi)
  3780 | D:4      | Slain by tschems's ghost

Skill      XL: |  1  2  3  4  5  6  7 |
---------------+----------------------+-----
Fire Magic     | 4 5 6 8 9 |  9.1
Dodging        | |  1.7
Stealth        | |  1.7
Spellcasting   | |  2.0
Conjurations   | |  1.0

Action                   |  1- 3 |  4- 6 |  7- 9 || total
-------------------------+-------+-------+-------++-------
Melee: Unarmed           |    61 |     1 |       ||    62
       Tailslap          |    13 |    11 |     5 ||    29
       Hand axe          |    37 |    91 |    59 ||   187
 Cast: Flame Tongue      |    24 |    46 |     2 ||    72
       Throw Flame       |       |     6 |    11 ||    17
       Conjure Flame     |       |     3 |     2 ||     5
Evoke: Wand              |       |     2 |       ||     2
  Use: Potion            |     2 |     1 |     2 ||     5
       Scroll            |       |     6 |     4 ||    10
 Stab: Sleeping          |     1 |     1 |       ||     2
       Paralysed         |       |     1 |       ||     1
  Eat: Chunk             |     3 |     6 |     3 ||    12
Armor: Skin              |    19 |    32 |    20 ||    71
Dodge: Dodged            |    52 |    73 |    40 ||   165
